 Dungeon Crawl Stone Soup version 0.31-a0-1206-g41278d8d1d (webtiles) character file.

Game seed: 4076844447683903841

70 LeprechaunX the Changeling (level 4, -1/42 HPs)
             Began as an Octopode Shapeshifter on Dec 13, 2023.
             Was a Follower of Ru.
             Slain by Sigmund
             ... wielding a +0 scythe
              (6 damage)
             ... on level 2 of the Dungeon.
             The game lasted 00:02:41 (1100 turns).

LeprechaunX the Changeling (Octopode Shapeshifter)  Turns: 1100, Time: 00:02:42

Health: -1/42      AC: 22    Str: 13    XL:     4   Next: 21%
Magic:  4/4        EV:  2    Int: 18    God:    Ru [*.....]
Gold:   59         SH:  0    Dex: 13    Spells: 3/3 levels left

rFire   . .          .
                       - Unarmed
rCold   . . .        (no shield)
rNeg    . . .        (helmet currently unavailable)
rPois   +            (no amulet)
rElec   .            e - +6 ring of intelligence
rCorr   .            (no ring)
SInv    .            (no ring)
Will    .....        (no ring)
Stlth   +            (no ring)
HPRegen 0.27/turn    (no ring)
MPRegen 0.09/turn    (no ring)
                     (no ring)

%: no passive effects
@: tree-form
A: stationary, stasis, torment immunity, boosted hp, almost no armour,
(amphibious), 8 rings, (camouflage 1), (gelatinous body 1), unskilled 1, (nimble
swimmer 1), (tentacles)
a: Renounce Religion


You were on level 2 of the Dungeon.
You worshipped Ru.
Ru was aware of your devotion.
You were a tree.
You visited 1 branch of the dungeon, and saw 2 of its levels.

You collected 59 gold pieces.

Inventory:

Missiles
 g - 4 javelins (quivered)
 k - 5 curare-tipped darts
Jewellery
 e - a +6 ring of intelligence (left branch)
Talismans
 b - a beast talisman
 c - a flux talisman
Scrolls
 f - a scroll of revelation {unknown}
 h - 2 scrolls of identify {unknown}
 l - 2 scrolls of teleportation {unknown}
Potions
 d - a potion of mutation {unknown}
 i - a potion of invisibility {unknown}
 j - a potion of ambrosia {unknown}
 m - a potion of degeneration {unknown}
 n - a potion of resistance {unknown}


   Skills:
 + Level 1.6 Fighting
 + Level 0.8 Throwing
 + Level 1.9 Dodging
 + Level 3.1 Unarmed Combat
 * Level 3.4 Shapeshifting


You had 3 spell levels left.
You didn't know any spells.
Your spell library contained the following spells:

 Spells                   Type           Power      Damage    Failure   Level
 Summon Small Mammal      Summ           0%         N/A       22%         1


Dungeon Overview and Level Annotations

Branches:
Dungeon (2/15)

Altars:
Gozag
Ru

Annotations:
D:2 Sigmund, Terence


Innate Abilities, Weirdness & Mutations

You are a tree.
Your roots penetrate the ground, keeping you stationary.
You cannot be teleported.
You are immune to unholy pain and torment.
Your maximum health is greatly increased.
You cannot wear most types of armour.
((You are amphibious.))
You can wear up to eight rings at the same time.
((Your skin changes colour to match your surroundings (Stealth+).))
((Your rubbery body absorbs attacks. (AC +1, EV +1)))
You are somewhat unskilled. (-1 Apt)
((You are camouflaged when in or above water. (Stealth+)))
((You have tentacles for arms and can constrict up to eight enemies at once.))


Message History

* * * LOW HITPOINT WARNING * * *
The goblin shouts!
You smack something!
The adder barely misses you. x2
You hit the adder.
The adder is severely wounded.
The adder bites you but does no damage.
You hit the adder.
You kill the adder!
You hear some strange, mumbled words.
A magic dart appears from out of thin air!
The magic dart hits you but does no damage.
You smack something!
Something hits you.
* * * LOW HITPOINT WARNING * * *
You miss something.
You hear some strange, mumbled words.
A puff of flame appears from out of thin air!
The puff of flame hits you but does no damage.
You closely miss something. Something hits you but does no damage.
You closely miss something. You barely miss something.
Something hits you but does no damage.
You closely miss something. You miss something. Something hits you.
* * * LOW HITPOINT WARNING * * *
You barely miss something. Something hits you but does no damage.
You closely miss something. You miss something. You miss something.
You redirect something's attack!
Something hits you but does no damage.
You miss something. You hit something. Something hits you but does no damage.
You miss something. Something hits you but does no damage.
You miss something. You closely miss something. Something hits you.
* * * LOW HITPOINT WARNING * * *
You hit something.
Sigmund appears from thin air!
Reactivating autopickup.
Sigmund hits you with a +0 scythe.
You die...
Sigmund begins carving another notch in his scythe.

.#### #.# #. ..#
###########.# #. ..#
###...........# #. ..##
#.....######### #. ...#
#<....# #. ...# #)....#
###### #. ...# #######
#gg..# #. .†.# #@##.# #.
...# ########♣##.# #.
...... .......†.##.#
#####. .......
###########.########.....
........
#####..............
........
#..>....####..#####
........ #....g.......##
#.......###### .....
#.......# ..... ###....##


You could see Sigmund and 2 goblins.

Vanquished Creatures
  2 adders (D:2)
  A dart slug (D:1)
  5 ball pythons
  2 endoplasms
  7 giant cockroaches
  4 goblins
  10 hobgoblins
  2 bats
  A frilled lizard (D:1)
  6 kobolds
  8 rats
48 creatures vanquished.

Notes
Turn   | Place    | Note
-------+----------+-------------------------------------------
     0 | D:1      | LeprechaunX the Octopode Shapeshifter began the quest for
                  | the Orb.
     0 | D:1      | Reached XP level 1. HP: 13/13 MP: 1/1
    87 | D:1      | Reached XP level 2. HP: 13/18 MP: 2/2
   290 | D:1      | Reached XP level 3. HP: 14/23 MP: 3/3
   546 | D:1      | Found a faded altar of an unknown god.
   553 | D:1      | Got Plato's Essays on the Swarm
   554 | D:1      | Prayed at the altar of an unknown god.
   554 | D:1      | Became a worshipper of Ru the Awakened
   571 | D:1      | Gained mutation: You are somewhat unskilled. (-1 Apt) [Ru
                  | sacrifice]
   571 | D:1      | Reduced skill Dodging to level 1
   571 | D:1      | Reached * piety under Ru
   703 | D:2      | Found an opulent altar of Gozag.
  1037 | D:2      | Reached XP level 4. HP: 28/28 MP: 4/4
  1048 | D:2      | Noticed Sigmund
  1049 | D:2      | Noticed Terence
  1100 | D:2      | Slain by Sigmund

Illustrated notes

Levels and vault maps discovered:
D:1:      eino_arrival_tree_alley, layout_rooms,
          shapermc_ecumenical_altar_rom_forum
D:2:      layout_basic, basic_altar, uniq_sigmund, uniq_terence, uniq_robin

Skill      XL: |  1  2  3 |
---------------+----------+-----
Dodging        | 1 |  1.9
Fighting       | |  1.6
Throwing       | |  0.8
Unarmed Combat | |  3.1
Shapeshifting  | |  3.4

Action                     |  1- 3 |  4- 6 || total
---------------------------+-------+-------++-------
  Melee: Unarmed           |    86 |    26 ||   112
         Constrict         |    23 |     1 ||    24
         Tentacles         |    18 |     2 ||    20
         Punch             |     2 |       ||     2
  Throw: Javelin           |       |     1 ||     1
 Invoke: Sacrifice Skill   |     1 |       ||     1
    Use: Potion            |       |     1 ||     1
   Stab: Sleeping          |     5 |       ||     5
 Armour: Skin              |    33 |    22 ||    55
  Dodge: Dodged            |    44 |     5 ||    49

Table legend: (Time is in decaauts)
 A = Elapsed time spent in this place.
 B = Non-inter-level travel time spent in this place.
 C = Inter-level travel time spent in this place.
 D = Time resting spent in this place.
 E = Time spent auto-exploring this place.
 F = Levels seen in this place.
 G = Mean time per level.
                   A        B        C        D        E       F      G
               +--------+--------+--------+--------+--------+-----+--------+
         Total |   1092 |   1088 |      4 |     44 |    734 |   2 |  546.0 |
       Dungeon |   1092 |   1088 |      4 |     44 |    734 |   2 |  546.0 |
               +--------+--------+--------+--------+--------+-----+--------+

Top non-repeatable levels by time:
     D:1: 658 daAuts
     D:2: 434 daAuts
